 Dungeon Crawl Stone Soup version 0.30-a0-305-g026cb31310 (webtiles) character file.

Game seed: 11950889445798209574

88 koil the Sneak (level 4, -3/23 HPs)
             Began as a Spriggan Brigand on Oct 22, 2022.
             Killed from afar by Ijyb (15 damage)
             ... with an iceblast
             ... on level 3 of the Dungeon.
             The game lasted 00:04:26 (1363 turns).

koil the Sneak (Spriggan Brigand)                   Turns: 1363, Time: 00:04:27

Health: -3/23      AC:  3    Str:  7    XL:     4   Next: 29%
Magic:  7/7        EV: 17    Int: 14    God:
Gold:   96         SH:  0    Dex: 16    Spells: 3/6 levels left

rFire   . . .      SeeInvis +    a - +2 dagger
rCold   . . .      Faith    .    (no shield)
rNeg    . . .      Spirit   .    b - +0 robe
rPois   .          Reflect  .    (helmet restricted)
rElec   .          Harm     .    c - +0 cloak
rCorr   .          Rampage  .    (gloves unavailable)
Will    .....                    (boots unavailable)
Stlth   +++.......               (no amulet)
HPRegen 0.23/turn                (no ring)
MPRegen 0.10/turn                (no ring)

@: very quick
A: very small, no large weapons, unfitting armour, see invisible, speed 3
a: no special abilities


You were on level 3 of the Dungeon.
You visited 1 branch of the dungeon, and saw 3 of its levels.

You collected 96 gold pieces.

Inventory:

Hand Weapons
 a - a +2 dagger (weapon)
Missiles
 d - 9 poisoned darts (quivered)
 e - 3 curare-tipped darts
Armour
 b - a +0 robe (worn)
 c - a +0 cloak (worn)
Magical Staves
 f - a staff of death
Jewellery
 n - a ring of protection from fire
Scrolls
 g - a scroll of noise {unknown}
 j - 4 scrolls of identify {unknown}
 m - a scroll of immolation {unknown}
Potions
 h - a potion of brilliance {unknown}
 i - a potion of curing {unknown}
 k - a potion of might {unknown}
 l - a potion of degeneration {unknown}
 o - a potion of magic {unknown}


   Skills:
 + Level 2.1 Fighting
 + Level 2.9 Short Blades
 - Level 2.0 Throwing
 + Level 2.4 Dodging
 + Level 6.4 Stealth
 + Level 1.8 Spellcasting
 + Level 0.4 Fire Magic
 + Level 0.7 Poison Magic


You had 3 spell levels left.
You knew the following spells:

 Your Spells              Type           Power      Damage    Failure   Level
a - Ignite Poison         Fire/Tmut/Pois 2%         N/A       52%         3

Your spell library contained the following spells:

 Spells                   Type           Power      Damage    Failure   Level
 Kindle Blastsparks       Fire/Tloc/Air  2%         2d10      56%         3
 Freezing Cloud           Conj/Ice/Air   0%         6-21      100%        5


Dungeon Overview and Level Annotations

Branches:
Dungeon (3/15)

Altars:
Kikubaaqudgha
Ru

Annotations:
D:3 Ijyb


Innate Abilities, Weirdness & Mutations

You are very small and have problems with some larger weapons.
You are too small for most types of armour.
You have supernaturally acute eyesight. (SInv)
You cover ground extremely quickly. (Speed+++)


Message History

You hit Ijyb.
Ijyb is lightly wounded.
Ijyb completely misses you.
You closely miss Ijyb.
Ijyb is lightly wounded.
Ijyb hits you with a +0 dagger.
You closely miss Ijyb.
Ijyb is lightly wounded.
Ijyb closely misses you.
You closely miss Ijyb.
Ijyb is lightly wounded.
You closely miss Ijyb.
Ijyb is lightly wounded.
Ijyb hits you with a +0 dagger.
You closely miss Ijyb.
Ijyb is lightly wounded.
Ijyb hits you with a +0 dagger.
You closely miss Ijyb.
Ijyb is lightly wounded.
Ijyb misses you.
You hit Ijyb but do no damage.
Ijyb is lightly wounded.
Ijyb hits you with a +0 dagger.
You barely miss Ijyb.
Ijyb is lightly wounded.
Ijyb closely misses you.
You hit Ijyb.
Ijyb is lightly wounded.
You hit Ijyb.
Ijyb is moderately wounded.
Ijyb misses you.
You hit Ijyb but do no damage.
Ijyb is moderately wounded.
Ijyb hits you with a +0 dagger.
You barely miss Ijyb.
Ijyb is moderately wounded.
Ijyb hits you with a +0 dagger.
Ijyb zaps a wand.
The mass of ice explodes!
The iceblast engulfs you!
Ouch! That really hurt!
You die...

.#..###..# #.#
.#.......#####.# ...
.##.####......†# ....
###.################....
# #.....###<............
# #####.##.............
#..#8.8#..........###
#........###........#
#..#8.8#.# #..@.....#
###..##.##.# #........#
).#........# #.)...g..#
........#### #........#
.......[# #........#
........# #........#
..###.### #........# ..#
... ########## ..# ##..


You could see Ijyb.

Vanquished Creatures
  4 adders (D:2)
  A dart slug (D:2)
  6 ball pythons
  An endoplasm (D:2)
  8 goblins
  5 hobgoblins
  A jackal (D:2)
  10 kobolds
  2 quokkas
  A bat (D:1)
  3 frilled lizards
  5 rats
47 creatures vanquished.

Notes
Turn   | Place    | Note
-------+----------+-------------------------------------------
     0 | D:1      | koil the Spriggan Brigand began the quest for the Orb.
     0 | D:1      | Reached XP level 1. HP: 10/10 MP: 2/2
    97 | D:1      | Found a faded altar of an unknown god.
   104 | D:1      | Reached skill level 6 in Stealth
   109 | D:1      | Reached XP level 2. HP: 13/15 MP: 3/3
   166 | D:1      | Reached skill level 1 in Spellcasting
   464 | D:2      | Found an ancient bone altar of Kikubaaqudgha.
   495 | D:2      | Reached XP level 3. HP: 18/18 MP: 5/5
   577 | D:2      | Learned a level 3 spell: Ignite Poison
   964 | D:2      | Reached XP level 4. HP: 16/23 MP: 7/7
  1125 | D:3      | Noticed Ijyb
  1261 | D:3      | Found a sacrificial altar of Ru.
  1363 | D:3      | Killed from afar by Ijyb

Illustrated notes

Levels and vault maps discovered:
D:1:      dpeg_arrival_yet_another_circle, layout_basic,
          chequers_ecumenical_altar_simple
D:2:      layout_basic, basic_altar, kennysheep_generic_room_5
D:3:      layout_basic, mainiacjoe_overflow_alcove_3, mainiacjoe_overflow_paths,
          nicolae_ru_sacrificial_ziggurat, serial_bayou_lagoon_a,
          small_statue_intersection, uniq_robin, uniq_grinder, uniq_ijyb

Skill      XL: |  1  2  3 |
---------------+----------+-----
Stealth        | 6 |  6.4
Spellcasting   | 1 |  1.8
Dodging        | 2 |  2.4
Fighting       | 2 |  2.1
Short Blades   | |  2.9
Throwing       | |  2.0
Fire Magic     | |  0.4
Poison Magic   | |  0.7

Action                   |  1- 3 |  4- 6 || total
-------------------------+-------+-------++-------
Melee: Dagger            |   104 |    46 ||   150
       Punch             |     2 |       ||     2
 Stab: Sleeping          |    12 |     2 ||    14
Armor: Robe              |    11 |     3 ||    14
Dodge: Dodged            |    64 |    27 ||    91

Table legend: (Time is in decaauts)
 A = Elapsed time spent in this place.
 B = Non-inter-level travel time spent in this place.
 C = Inter-level travel time spent in this place.
 D = Time resting spent in this place.
 E = Time spent auto-exploring this place.
 F = Levels seen in this place.
 G = Mean time per level.
                   A        B        C        D        E       F      G
               +--------+--------+--------+--------+--------+-----+--------+
         Total |    928 |    889 |     39 |      0 |    636 |   3 |  309.3 |
       Dungeon |    928 |    889 |     39 |      0 |    636 |   3 |  309.3 |
               +--------+--------+--------+--------+--------+-----+--------+

Top non-repeatable levels by time:
     D:2: 479 daAuts
     D:1: 314 daAuts
     D:3: 133 daAuts
